SNL (28 & UNDER)
WEST VIRGINIA POWER @ MONTGOMERY BISCUITS
05/14/2029
 
TOP OF THE 1ST
West Virginia Power batting - Pitching for Montgomery Biscuits : RHP Steven Browne
Pitching: RHP Steven Browne
Batting: RHB Luis Quezada 0-0: Ball
1-0: Ground out 1-3 (Groundball, 13S)
Batting: RHB Juan Carlos Ramos 0-0: Foul Ball, location: 2F
0-1: Foul Ball, location: 2F
0-2: Ball
1-2: Ball
2-2: Strikes out swinging
Batting: LHB Edward Bennett 0-0: Fly out, F8 (Flyball, 8RS)
Top of the 1st over - 0 runs, 0 hits, 0 errors, 0 left on base; West Virginia 0 - Montgomery 0
BOTTOM OF THE 1ST
Montgomery Biscuits batting - Pitching for West Virginia Power : RHP Bill Hendricks
Pitching: RHP Bill Hendricks
Batting: LHB Marcos Féliz 0-0: Ball
1-0: Foul Ball, location: 2F
1-1: Fly out, F4 (Line Drive, 4M)
Batting: RHB Bob McDonald 0-0: Fly out, F8 (Flyball, 8RM)
Batting: SHB Wilson Bray 0-0: Called Strike
0-1: Fly out, F2 (Popup, 23F)
Bottom of the 1st over - 0 runs, 0 hits, 0 errors, 0 left on base; West Virginia 0 - Montgomery 0
TOP OF THE 2ND
West Virginia Power batting - Pitching for Montgomery Biscuits : RHP Steven Browne
Batting: RHB Piotr Zahn 0-0: Ground out 1-3 (Groundball, 13)
Batting: RHB Joe Salas 0-0: Foul Ball, location: 2F
0-1: Foul Ball, location: 2F
0-2: Strikes out swinging
Batting: LHB Jorge Luna 0-0: Swinging Strike
0-1: Foul Ball, location: 2F
0-2: Ball
1-2: Strikes out looking
Top of the 2nd over - 0 runs, 0 hits, 0 errors, 0 left on base; West Virginia 0 - Montgomery 0
BOTTOM OF THE 2ND
Montgomery Biscuits batting - Pitching for West Virginia Power : RHP Bill Hendricks
Batting: RHB Reinaldo Amarante 0-0: Ball
1-0: SOLO HOME RUN (Flyball, 7LD), Distance : 338 ft
Batting: SHB Joe Pierce 0-0: Called Strike
0-1: Ball
1-1: Swinging Strike
1-2: Foul Ball, location: 2F
1-2: DOUBLE (Line Drive, 89XD)
Batting: RHB Frederick Curtis 0-0: Ball
1-0: Called Strike
1-1: Swinging Strike
1-2: Ball
2-2: Ground out 5-3 (Groundball, 5L)
Batting: SHB Kenneth Cruz 0-0: Swinging Strike
0-1: Ground out 4-3 (Groundball, 4)
Joe Pierce to third
Batting: SHB Pancho Ruíz 0-0: SINGLE (Groundball, 4D)
Joe Pierce scores
Batting: SHB Lawrence Farley 0-0: Called Strike
0-1: Called Strike
0-2: Ball
1-2: Ball
2-2: Ball
3-2: Foul Ball, location: 2F
3-2: Foul Ball, location: 2F
3-2: Base on Balls
Pancho Ruíz to second
Batting: LHB Marcos Féliz 0-0: Ball
1-0: Ball
2-0: SINGLE (Line Drive, 6MD)
Pancho Ruíz to third
Lawrence Farley to second
Batting: RHB Bob McDonald 0-0: Ball
1-0: GRAND SLAM HOME RUN (Flyball, 7LD), Distance : 341 ft
Batting: SHB Wilson Bray 0-0: Ball
1-0: Foul Ball, location: 2F
1-1: Called Strike
1-2: Foul Ball, location: 2F
1-2: Ball
2-2: Ball
3-2: Ground out 6-3 (Groundball, 56)
Bottom of the 2nd over - 6 runs, 5 hits, 0 errors, 0 left on base; West Virginia 0 - Montgomery 6
TOP OF THE 3RD
West Virginia Power batting - Pitching for Montgomery Biscuits : RHP Steven Browne
Batting: RHB Luis Ortega 0-0: Ball
1-0: Ball
2-0: Called Strike
2-1: Ground out 6-3 (Groundball, 56)
Batting: RHB Joaquín Vásquez 0-0: Ground out 4-3 (Groundball, 4)
Batting: RHB Vaughan Shelton 0-0: Ball
1-0: Foul Ball, location: 2F
1-1: Swinging Strike
1-2: Strikes out swinging, 2-3 out at first.
Top of the 3rd over - 0 runs, 0 hits, 0 errors, 0 left on base; West Virginia 0 - Montgomery 6
BOTTOM OF THE 3RD
Montgomery Biscuits batting - Pitching for West Virginia Power : RHP Bill Hendricks
Batting: RHB Reinaldo Amarante 0-0: Ball
1-0: Fly out, F3 (Popup, 3)
Batting: SHB Joe Pierce 0-0: Called Strike
0-1: Ball
1-1: Ball
Error on foul ball, E7
2-2: Foul Ball, location: 2F
2-2: Ball
3-2: Fly out, F7 (Flyball, 7)
Batting: RHB Frederick Curtis 0-0: Ball
1-0: Foul Ball, location: 2F
1-1: Swinging Strike
1-2: SINGLE (Flyball, 7S)
Batting: SHB Kenneth Cruz 0-0: Ball
1-0: Ball
2-0: Called Strike
2-1: Ball
3-1: Called Strike
3-2: SINGLE (Groundball, 4MD)
Frederick Curtis to second
Frederick Curtis to third
Batting: SHB Pancho Ruíz 0-0: Ball
1-0: Foul Ball, location: 2F
1-1: Foul Ball, location: 2F
1-2: Ball
2-2: Strikes out swinging
Bottom of the 3rd over - 0 runs, 2 hits, 1 error, 2 left on base; West Virginia 0 - Montgomery 6
TOP OF THE 4TH
West Virginia Power batting - Pitching for Montgomery Biscuits : RHP Steven Browne
Batting: RHB Luis Quezada 0-0: DOUBLE (Line Drive, 8LD)
Batting: RHB Juan Carlos Ramos 0-0: Ball
1-0: Foul Ball, location: 2F
1-1: Foul Ball, location: 2F
1-2: Strikes out looking
Batting: LHB Edward Bennett 0-0: Ball
1-0: Foul Ball, location: 2F
1-1: Ground out 6-3 (Groundball, 6S)
Luis Quezada to third
Batting: RHB Piotr Zahn 0-0: Ball
1-0: Ball
2-0: Ball
3-0: Base on Balls
Batting: RHB Joe Salas 0-0: Swinging Strike
0-1: Called Strike
0-2: Ball
1-2: Ball
2-2: Foul Ball, location: 2F
2-2: Strikes out swinging
Top of the 4th over - 0 runs, 1 hit, 0 errors, 2 left on base; West Virginia 0 - Montgomery 6
BOTTOM OF THE 4TH
Montgomery Biscuits batting - Pitching for West Virginia Power : RHP Bill Hendricks
Batting: SHB Lawrence Farley 0-0: Ground out 5-3 (Groundball, 56)
Batting: LHB Marcos Féliz 0-0: Called Strike
0-1: Foul Ball, location: 2F
0-2: Ball
1-2: Ball
2-2: Ball
3-2: Ground out 6-3 (Groundball, 6)
Batting: RHB Bob McDonald 0-0: Called Strike
0-1: Foul Ball, location: 2F
0-2: SINGLE (Line Drive, 8RS)
Batting: SHB Wilson Bray 0-0: Called Strike
Bob McDonald steals 2nd base
0-1: Called Strike
0-2: Ball
1-2: Foul Ball, location: 2F
1-2: Foul Ball, location: 2F
1-2: Ball
2-2: Ball
3-2: 2-RUN HOME RUN (Flyball, 89XD), Distance : 412 ft
Batting: RHB Reinaldo Amarante 0-0: Ball
1-0: Ground out 4-3 (Groundball, 4)
Bottom of the 4th over - 2 runs, 2 hits, 0 errors, 0 left on base; West Virginia 0 - Montgomery 8
TOP OF THE 5TH
West Virginia Power batting - Pitching for Montgomery Biscuits : RHP Steven Browne
Batting: LHB Jorge Luna 0-0: Ball
1-0: Called Strike
1-1: Ball
2-1: Foul Ball, location: 2F
2-2: SINGLE (Groundball, 4D)
Batting: RHB Luis Ortega 0-0: Called Strike
0-1: Ball
1-1: Ball
2-1: Foul Ball, location: 2F
2-2: Strikes out looking
Batting: RHB Joaquín Vásquez 0-0: Ball
1-0: Fielders Choice at 2nd, 1-4 (Groundball, 15)
Batting: RHB Vaughan Shelton 0-0: Foul Ball, location: 2F
0-1: Ball
1-1: Fielders Choice at 2nd, 5-4 (Groundball, 56)
Top of the 5th over - 0 runs, 1 hit, 0 errors, 1 left on base; West Virginia 0 - Montgomery 8
BOTTOM OF THE 5TH
Montgomery Biscuits batting - Pitching for West Virginia Power : RHP Bill Hendricks
Batting: SHB Joe Pierce 0-0: Fly out, F7 (Flyball, 7)
Batting: RHB Frederick Curtis 0-0: Ball
1-0: Ground out 1-3 (Groundball, 13)
Batting: SHB Kenneth Cruz 0-0: Called Strike
0-1: Ball
1-1: Ball
2-1: SOLO HOME RUN (Flyball, 9LD), Distance : 373 ft
Pitching: RHP Drake Johnston
Batting: SHB Pancho Ruíz 0-0: Ball
1-0: SOLO HOME RUN (Flyball, 9LD), Distance : 365 ft
Batting: SHB Lawrence Farley 0-0: Ball
1-0: Ball
2-0: Called Strike
2-1: Called Strike
2-2: Ball
3-2: SINGLE (Groundball, 34D)
Batting: LHB Marcos Féliz 0-0: Called Strike
0-1: Ball
1-1: Ball
2-1: Ball
3-1: Base on Balls
Lawrence Farley to second
Batting: RHB Bob McDonald 0-0: Swinging Strike
0-1: Ball
1-1: Foul Ball, location: 2F
1-2: Strikes out swinging
Bottom of the 5th over - 2 runs, 3 hits, 0 errors, 2 left on base; West Virginia 0 - Montgomery 10
TOP OF THE 6TH
West Virginia Power batting - Pitching for Montgomery Biscuits : RHP Steven Browne
Batting: RHB Luis Quezada 0-0: Called Strike
0-1: Ball
1-1: SINGLE (Line Drive, 3D)
Batting: RHB Juan Carlos Ramos 0-0: SINGLE (Groundball, 56D)
Luis Quezada to second
Batting: LHB Edward Bennett 0-0: Called Strike
0-1: Foul Ball, location: 2F
0-2: Ball
1-2: Fielders Choice at 2nd, 6-4 (Groundball, 6M)
Luis Quezada to third
Batting: RHB Piotr Zahn 0-0: Called Strike
0-1: SINGLE (Groundball, 56D)
Luis Quezada scores
Edward Bennett to second
Batting: RHB Joe Salas 0-0: Foul Ball, location: 2F
0-1: Ball
1-1: Foul Ball, location: 2F
1-2: Ball
2-2: Ball
3-2: Foul Ball, location: 2F
3-2: Base on Balls
Edward Bennett to third
Piotr Zahn to second
Batting: LHB Jorge Luna 0-0: Ball
1-0: Ball
2-0: Foul Ball, location: 2F
2-1: SINGLE (Flyball, 78S)
Edward Bennett scores
Piotr Zahn to third
Joe Salas to second
Runner from 3rd tries for Home, throw and OUT!
Joe Salas to third
Jorge Luna to second
Batting: RHB Luis Ortega 0-0: Ball
1-0: Swinging Strike
1-1: Ball
2-1: Ball
3-1: Called Strike
3-2: Foul Ball, location: 2F
3-2: Ground out U3 (Groundball, 3)
Top of the 6th over - 2 runs, 4 hits, 0 errors, 2 left on base; West Virginia 2 - Montgomery 10
BOTTOM OF THE 6TH
Montgomery Biscuits batting - Pitching for West Virginia Power : RHP Drake Johnston
Batting: SHB Wilson Bray 0-0: Ball
1-0: Ball
2-0: Ball
3-0: Called Strike
3-1: SINGLE (Flyball, 78S)
Batting: RHB Reinaldo Amarante 0-0: Ball
1-0: Fly out, F7 (Flyball, 7)
Batting: SHB Joe Pierce 0-0: Swinging Strike
0-1: Ball
1-1: DOUBLE (Line Drive, 9LM)
Wilson Bray to third
Runner from 3rd tries for Home, SAFE, no throw
Batting: RHB Frederick Curtis 0-0: Ball
1-0: Ball
2-0: Ball
3-0: Foul Ball, location: 2F
3-1: Swinging Strike
3-2: Base on Balls
Batting: SHB Kenneth Cruz 0-0: Called Strike
0-1: Fielders Choice at 2nd, 4-6 (Groundball, 4)
Joe Pierce to third
Batting: SHB Pancho Ruíz 0-0: Ball
1-0: Ball
2-0: Called Strike
2-1: Ball
3-1: SINGLE (Groundball, 25) (infield hit)
Joe Pierce scores
Kenneth Cruz to second
Batting: SHB Lawrence Farley 0-0: Fielders Choice at 2nd, 6-4 (Groundball, 6)
Bottom of the 6th over - 2 runs, 3 hits, 0 errors, 2 left on base; West Virginia 2 - Montgomery 12
TOP OF THE 7TH
West Virginia Power batting - Pitching for Montgomery Biscuits : RHP Steven Browne
Batting: RHB Joaquín Vásquez 0-0: Ball
1-0: Ball
2-0: Ball
3-0: Hit by Pitch
Pinch Hitting: LHB Robin Jamieson 0-0: Ball
1-0: Foul Ball, location: 2F
1-1: Ball
2-1: Ball
3-1: Base on Balls
Joaquín Vásquez to second
Batting: RHB Luis Quezada 0-0: Grounds into double play, 6-4-3 (Groundball, 6)
Joaquín Vásquez to third
Batting: RHB Juan Carlos Ramos 0-0: Ball
1-0: Ball
2-0: Called Strike
2-1: Foul Ball, location: 2F
2-2: Fly out, F4 (Popup, 4MS)
Top of the 7th over - 0 runs, 0 hits, 0 errors, 1 left on base; West Virginia 2 - Montgomery 12
BOTTOM OF THE 7TH
Montgomery Biscuits batting - Pitching for West Virginia Power : RHP Drake Johnston
Now at 2B: Robin Jamieson
Batting: LHB Marcos Féliz 0-0: Ball
1-0: Swinging Strike
1-1: Ball
2-1: Ball
3-1: Foul Ball, location: 2F
3-2: Foul Ball, location: 2F
3-2: Base on Balls
Pitching: RHP James Waddell
Batting: RHB Bob McDonald 0-0: Ball
1-0: Ball
2-0: Called Strike
2-1: Ball
3-1: Swinging Strike
3-2: Foul Ball, location: 2F
3-2: Strikes out swinging
Batting: SHB Wilson Bray 0-0: Ball
Marcos Féliz steals 2nd base
1-0: SINGLE (Groundball, 34D)
Marcos Féliz to third
Runner from 3rd tries for Home, throw and OUT!
Batting: RHB Reinaldo Amarante 0-0: Called Strike
0-1: Ball
1-1: Ball
2-1: Foul Ball, location: 2F
2-2: Strikes out swinging
Bottom of the 7th over - 0 runs, 1 hit, 0 errors, 1 left on base; West Virginia 2 - Montgomery 12
TOP OF THE 8TH
West Virginia Power batting - Pitching for Montgomery Biscuits : RHP Steven Browne
Now in CF: Hoyt Norris
Batting: LHB Edward Bennett 0-0: Called Strike
0-1: Swinging Strike
0-2: Ball
1-2: Strikes out looking
Batting: RHB Piotr Zahn 0-0: Foul Ball, location: 2F
0-1: Ball
1-1: Ground out 4-3 (Groundball, 4)
Batting: RHB Joe Salas 0-0: Fly out, F9 (Flyball, 89D)
Top of the 8th over - 0 runs, 0 hits, 0 errors, 0 left on base; West Virginia 2 - Montgomery 12
BOTTOM OF THE 8TH
Montgomery Biscuits batting - Pitching for West Virginia Power : RHP James Waddell
Batting: SHB Joe Pierce 0-0: Ground out 1-3 (Groundball, P)
Batting: RHB Frederick Curtis 0-0: Ball
1-0: Ball
2-0: Ball
3-0: Called Strike
3-1: Base on Balls
Batting: SHB Kenneth Cruz 0-0: Ball
1-0: Called Strike
Frederick Curtis steals 2nd base
1-1: Swinging Strike
1-2: Foul Ball, location: 2F
1-2: Foul Ball, location: 2F
1-2: Ball
2-2: Foul Ball, location: 2F
2-2: Foul Ball, location: 2F
2-2: SINGLE (Flyball, 9S)
Frederick Curtis to third
Runner from 3rd tries for Home, SAFE, throw made home
Kenneth Cruz to second
Batting: SHB Pancho Ruíz 0-0: Ball
1-0: Ball
2-0: Called Strike
2-1: Ball
3-1: 2-RUN HOME RUN (Flyball, 9LD), Distance : 364 ft
Batting: SHB Lawrence Farley 0-0: Swinging Strike
0-1: Foul Ball, location: 2F
0-2: Fly out, F3 (Popup, 3SF)
Batting: SHB Hoyt Norris 0-0: Fly out, F9 (Flyball, 9S)
Bottom of the 8th over - 3 runs, 2 hits, 0 errors, 0 left on base; West Virginia 2 - Montgomery 15
TOP OF THE 9TH
West Virginia Power batting - Pitching for Montgomery Biscuits : RHP Steven Browne
Batting: LHB Jorge Luna 0-0: Ball
1-0: Ball
2-0: Ball
3-0: Called Strike
3-1: Base on Balls
Batting: RHB Luis Ortega 0-0: Foul Ball, location: 2F
0-1: Swinging Strike
0-2: Foul Ball, location: 2F
0-2: Ball
1-2: Strikes out looking
Pitching: RHP Raúl Martínez
Batting: RHB Joaquín Vásquez 0-0: Foul Ball, location: 2F
0-1: Ground out U3 (Groundball, 34S)
Jorge Luna to second
Batting: LHB Robin Jamieson 0-0: Foul Ball, location: 2F
0-1: Foul Ball, location: 2F
0-2: Ball
1-2: Strikes out swinging
Top of the 9th over - 0 runs, 0 hits, 0 errors, 1 left on base; West Virginia 2 - Montgomery 15
Saturday, December 16th, 2017 - OOTP Baseball 18.8 Build 76